 Dungeon Crawl Stone Soup version 0.17-a0-1655-g88a8506 (webtiles) character file.

167 kae the Conjurer (level 5, -7/28 HPs)
             Began as a Tengu Fire Elementalist on Aug 15, 2015.
             Killed by nerve-wracking pain
             ... invoked by Grinder
              (13 damage)
             ... while paralysed by Grinder
             ... on level 3 of the Dungeon.
             The game lasted 00:04:46 (2949 turns).

kae the Conjurer (Tengu Fire Elementalist)          Turns: 2949, Time: 00:04:46

Health: -7/28      AC:  4    Str:  8    XL:     5   Next: 48%
Magic:  5/10       EV:  2    Int: 16    God:
Gold:   115        SH:  0    Dex: 15    Spells: 3 memorised, 3 levels left

rFire  . . .     SeeInvis .     k - +1 hammer (venom)
rCold  . . .     Clarity  .     a - +0 robe
rNeg   . . .     SustAt   .     (no shield)
rPois  +         Gourm    .     (helmet restricted)
rElec  .         Spirit   .     n - +1 cloak {rPois}
rCorr  .         Warding  .     (no gloves)
rMut   .         Stasis   .     (boots unavailable)
MR     .....                    (no amulet)
Stlth  ++........               (no ring)
                                (no ring)

@: paralysed, not resistant to hostile enchantments, unstealthy
A: beak, talons 3, able to fly 1
a: Fly


You were on level 3 of the Dungeon.
You were not hungry.

You visited 1 branch of the dungeon, and saw 3 of its levels.

You collected 115 gold pieces.

Inventory:

Hand weapons
 g - a +0 short sword
 k - a +1 hammer of venom (weapon)
Armour
 a - a +0 robe (worn)
 n - a +1 cloak of poison resistance (worn)
Jewellery
 l - an uncursed ring of flight {unknown}
Scrolls
 i - a scroll of fear {unknown}
Potions
 d - a potion of flight {unknown}
 e - a potion of beneficial mutation
 h - a potion of curing {unknown}
 j - a potion of magic {unknown}
 m - a potion of lignification {unknown}
Books
 b - a book of Flames

   Spells                             Type                      Level
   a - Flame Tongue                   Conjuration/Fire             1
   b - Throw Flame                    Conjuration/Fire             2
   c - Conjure Flame                  Conjuration/Fire             3
   d - Inner Flame                    Hexes/Fire                   3
   e - Sticky Flame                   Conjuration/Fire             4
   f - Fireball                       Conjuration/Fire             5
Comestibles
 c - a bread ration
 f - a meat ration


   Skills:
 - Level 2.1 Dodging
 - Level 2.0 Stealth
 + Level 2.7 Spellcasting
 * Level 4.8 Conjurations
 * Level 4.6 Fire Magic


You had 3 spell levels left.
You knew the following spells:

 Your Spells              Type           Power        Failure   Level  Hunger
a - Flame Tongue          Conj/Fire      ###..        3%          1    #......
b - Throw Flame           Conj/Fire      ###...       6%          2    ##.....
c - Conjure Flame         Conj/Fire      ###.....     12%         3    ###....


Dungeon Overview and Level Annotations

Branches:
Dungeon (3/15)

Altars:
Gozag
Qazlal
Ru
The Shining One

Annotations:
D:3 Grinder, Sigmund


Innate Abilities, Weirdness & Mutations

You have a beak for a mouth.
You have claws for feet.
You can fly.


Message History

Grinder gestures at you.
You suddenly lose the ability to move!
Grinder says, "What is the universe for?"
Grinder gestures at you.
You shrug off the repeated paralysis!
Grinder gestures.
Grinder blinks!
You can move again.
Grinder zaps a wand.
You hear a grinding noise.
Grinder gestures.
Grinder blinks!
Grinder says, "You look like you could use a good racking."
Grinder gestures at you.
You suddenly lose the ability to move!
Grinder gestures at you. You resist with significant effort.
Grinder gestures at you. Pain shoots through your body!
You die...

#### ..# #.#
##.# .#
####.########..#
.#
#.....@....#...#
.# #
#.##.#####......
.## #.#.#..#
#...# ..
#.#..#.# #..# .#
..# #..5...#
#..####.### #.#
##..####
#....).....
###.#####.#.##
##'######.##
.......#.##..#
##..<## #
.##.##...#...###
##.....##


You could see Grinder.

Vanquished Creatures
  Crazy Yiuf (D:2)
  Jessica (D:3)
  Natasha (D:3)
  2 adders
  An ooze (D:1)
  2 worms (D:3)
  5 giant geckos
  8 bats
  2 giant cockroaches
  6 hobgoblins (D:1)
  9 kobolds
  A quokka (D:2)
  A ball python (D:1)
  3 giant newts
  4 goblins
  4 jackals (D:1)
  12 rats
63 creatures vanquished.

Notes
Turn   | Place    | Note
--------------------------------------------------------------
     0 | D:1      | kae the Tengu Fire Elementalist began the quest for the Orb.
     0 | D:1      | Reached XP level 1. HP: 10/10 MP: 4/4
    81 | D:1      | Reached XP level 2. HP: 13/15 MP: 0/6
   374 | D:1      | Reached XP level 3. HP: 19/19 MP: 3/7
   378 | D:1      | Learned a level 2 spell: Throw Flame
   382 | D:1      | Learned a level 3 spell: Conjure Flame
  1337 | D:2      | Noticed a water elemental
  1339 | D:2      | Found a stormy altar of Qazlal.
  1345 | D:2      | Noticed an air elemental
  1345 | D:2      | Noticed an earth elemental
  1345 | D:2      | Noticed a fire elemental
  1360 | D:2      | Found a glowing golden altar of the Shining One.
  1463 | D:2      | Reached skill level 4 in Fire Magic
  1463 | D:2      | Reached XP level 4. HP: 24/24 MP: 4/8
  1559 | D:2      | Found an opulent altar of Gozag.
  1700 | D:2      | Noticed Crazy Yiuf
  1911 | D:3      | Noticed Jessica
  1918 | D:3      | Killed Jessica
  1935 | D:3      | Found a sacrificial altar of Ru.
  2062 | D:2      | Killed Crazy Yiuf
  2062 | D:2      | Gained mutation: You can fly. [Tengu growth]
  2062 | D:2      | Reached XP level 5. HP: 28/28 MP: 1/9
  2199 | D:3      | Noticed Sigmund
  2838 | D:3      | Noticed Natasha
  2846 | D:3      | Killed Natasha
  2926 | D:3      | Noticed Grinder
  2937 | D:3      | Paralysed by Grinder for 5 turns
  2947 | D:3      | Paralysed by Grinder for 7 turns
  2949 | D:3      | Killed from afar by Grinder

Vault maps used:
D:1:      dpeg_arrival_tiny_j
D:2:      old_standard_altar, nicolae_qazlal_style_of_elements,
          nicolae_overflow_crystal_walls, uniq_crazy_yiuf_cottage
D:3:      tgw_trog, nicolae_ru_awakened_eye, uniq_natasha, uniq_grinder,
          uniq_jessica, uniq_sigmund

Action                   |  1- 3 |  4- 6 || total
-------------------------+-------+-------++-------
Melee: Unarmed           |    27 |       ||    27
       Short sword       |    30 |    10 ||    40
       Hammer            |       |    12 ||    12
 Cast: Flame Tongue      |    65 |    30 ||    95
       Conjure Flame     |       |     6 ||     6
       Throw Flame       |       |     1 ||     1
  Use: Scroll            |       |     7 ||     7
 Stab: Sleeping          |     1 |     3 ||     4
  Eat: Chunk             |     2 |     6 ||     8
